 Dungeon Crawl Stone Soup version 0.31-a0-844-gdc52ec4e09 (webtiles) character file.

Game seed: 2608683453464663387

485 pop123321pop the Trooper (level 6, -1/53 HPs)
             Began as a Demigod Fighter on Sept 30, 2023.
             Killed from afar by an orc wizard (4 damage)
             ... with a magic dart
             ... on level 5 of the Dungeon.
             The game lasted 00:03:21 (3809 turns).

pop123321pop the Trooper (Demigod Fighter)          Turns: 3809, Time: 00:03:21

Health: -1/53      AC:  8    Str: 17    XL:     6   Next: 57%
Magic:  8/8        EV:  9    Int: 10    God:
Gold:   127        SH:  6    Dex: 21    Spells: 5/5 levels left

rFire   . . .        a - +0 trident
rCold   . . .        c - +0 buckler
rNeg    . . .        b - +0 scale mail
rPois   .            y - +0 helmet
rElec   .            (no cloak)
rCorr   .            x - +0 pair of gloves
SInv    .            (no boots)
Will    .....        (no amulet) Stlth
                     (no ring)
HPRegen 0.28/turn    (no ring)
MPRegen 0.11/turn

%: no passive effects
@: no status effects
A: high MP 1, forlorn, divine attributes
a: no special abilities


You were on level 5 of the Dungeon.
You visited 1 branch of the dungeon, and saw 5 of its levels.

You collected 127 gold pieces.

Inventory:

Hand Weapons
 a - a +0 trident (weapon)
Armour
 b - a +0 scale mail (worn)
 c - a +0 buckler (worn)
 x - a +0 pair of gloves (worn)
 y - a +0 helmet (worn)
Jewellery
 l - a +4 ring of protection
Wands
 o - a wand of charming (4)
 t - a wand of flame (12)
Scrolls
 d - a scroll of summoning {unknown}
 e - 2 scrolls of teleportation {unknown}
 h - 5 scrolls of identify {unknown}
 i - a scroll of immolation {unknown}
 j - a scroll of blinking {unknown}
 k - 3 scrolls of poison {unknown}
 n - a scroll of fog {unknown}
 q - a scroll of fear {unknown}
 u - a scroll of amnesia {unknown}
Potions
 g - a potion of curing {unknown}
 m - a potion of enlightenment {unknown}
 p - a potion of ambrosia {unknown}
 r - 2 potions of lignification {unknown}
 s - a potion of brilliance {unknown}
 v - a potion of haste {unknown}
 w - a potion of cancellation {unknown}


   Skills:
 + Level 4.6 Fighting
 + Level 4.1 Polearms
 - Level 2.6 Armour
 + Level 4.6 Shields


You had 5 spell levels left.
You didn't know any spells.
Your spell library contained the following spells:

 Spells                   Type           Power      Damage    Failure   Level
 Freeze                   Ice            0%         1d3       85%         1
 Magic Dart               Conj           0%         1d3       85%         1
 Call Imp                 Summ           0%         N/A       94%         2
 Frozen Ramparts          Ice            0%         1d1       99%         3
 Hailstorm                Conj/Ice       0%         3d3       99%         3
 Mephitic Cloud           Conj/Pois/Air  0%         N/A       99%         3
 Petrify                  Tmut/Erth      0%         N/A       100%        4
 Metabolic Englaciation   Hex/Ice        0%         N/A       100%        5


Dungeon Overview and Level Annotations

Branches:
Dungeon (5/15)             Temple (0/1) D:4

Shops:
D:1 [

Annotations:
D:5 Menkaure


Innate Abilities, Weirdness & Mutations

You have an increased reservoir of magic. (+10% MP)
You shall have no god before yourself.
Your divine heritage dramatically boosts your attributes as you level up.


Message History

Something hits you but does no damage. The orc hits you with a +0 club.
You hit Menkaure.
Menkaure is lightly damaged.
You block Menkaure's attack.
You hear some strange, mumbled words.
A puff of flame appears from out of thin air!
The puff of flame hits you! The orc barely misses you.
You hit Menkaure.
Menkaure is lightly damaged.
Menkaure hits you but does no damage. You block something's attack.
You block the orc's attack. Menkaure hits you but does no damage.
You hit Menkaure.
Menkaure is moderately damaged.
Menkaure hits you.
You puncture Menkaure!
Menkaure is severely damaged.
Something hits you.
* * * LOW HITPOINT WARNING * * *
Menkaure hits you but does no damage. The orc completely misses you.
You barely miss Menkaure.
Menkaure is severely damaged.
Menkaure hits you but does no damage.
You hear some strange, mumbled words.
Something tries to affect you, but you resist.
You hear some strange, mumbled words.
A puff of flame appears from out of thin air!
The puff of flame misses you. The orc hits you but does no damage.
Menkaure hits you!
* * * LOW HITPOINT WARNING * * *
Unknown command.
You puncture Menkaure!
Menkaure is almost destroyed.
Something hits you.
* * * LOW HITPOINT WARNING * * *
Something hits you but does no damage. The orc hits you but does no damage.
Menkaure barely misses you.
You hear some strange, mumbled words.
A magic dart appears from out of thin air!
The magic dart hits you.
You die...

#........
#..........
#..........
#..........
#..........
#..........
#..........
#.{o.......
#.{@M......
#..........
#..........
#..<.......
#..........
#).........
#..........
#..........
#..........


You could see Menkaure (fast) and an orc.

Vanquished Creatures
  A black bear (D:4)
  An ice beast (D:4)
  A hound (D:3)
  A sleepcap (D:4)
  Terence (D:2)
  An iguana (D:4)
  4 gnolls
  7 adders
  4 worms (D:2)
  5 dart slugs
  An orc (D:4)
  6 bats
  5 endoplasms
  2 giant cockroaches
  5 goblins
  5 hobgoblins
  5 kobolds
  4 quokkas
  3 ball pythons
  3 frilled lizards
  8 rats
73 creatures vanquished.

Notes
Turn   | Place    | Note
-------+----------+-------------------------------------------
     0 | D:1      | pop123321pop the Demigod Fighter began the quest for the
                  | Orb.
     0 | D:1      | Reached XP level 1. HP: 18/18 MP: 3/3
   198 | D:1      | Found Ylapoage's Armour Emporium.
   523 | D:1      | Reached XP level 2. HP: 12/26 MP: 4/4
  1037 | D:2      | Noticed Terence
  1043 | D:2      | Killed Terence
  1044 | D:2      | Reached XP level 3. HP: 24/31 MP: 5/5
  1283 | D:2      | Reached XP level 4. HP: 38/38 MP: 6/6
  2308 | D:3      | Reached XP level 5. HP: 46/46 MP: 7/7
  2462 | D:4      | Found a staircase to the Ecumenical Temple.
  2463 | D:4      | Noticed a black bear
  2487 | D:4      | Killed a black bear
  2567 | D:4      | Noticed an ice beast
  2587 | D:4      | Killed an ice beast
  2588 | D:4      | Reached XP level 6. HP: 4/53 MP: 8/8
  3791 | D:5      | Entered Level 5 of the Dungeon
  3793 | D:5      | Noticed Menkaure
  3809 | D:5      | Killed from afar by an orc wizard

Illustrated notes

Levels and vault maps discovered:
D:1:      dpeg_arrival_castle, layout_loops_ring, serial_shops,
          nicolae_shop_peninsula, minmay_hedge_maze
D:2:      layout_rooms, dreamdust_ecumenical_altar_statues,
          hangedman_glass_teeth, uniq_terence
D:3:      layout_basic
D:4:      layout_loops_ring, nicolae_dithmenos_the_darkroom,
          minmay_temple_entry_slanted
D:5:      minmay_evil_eye, layout_gridville, cheibriados_altar_1,
          minmay_statues_item, kennysheep_another_room, uniq_menkaure

Skill      XL: |  1  2  3  4  5  6 |
---------------+-------------------+-----
Polearms       | 2 3 4 |  4.1
Fighting       | 3 4 |  4.6
Shields        | 3 4 |  4.6
Armour         | |  2.6

Action                     |  1- 3 |  4- 6 || total
---------------------------+-------+-------++-------
  Melee: Trident           |    94 |   185 ||   279
    Use: Potion            |       |     3 ||     3
 Armour: Scale mail        |    53 |   144 ||   197
  Dodge: Dodged            |    38 |    61 ||    99
  Block: Buckler           |    18 |    50 ||    68

Table legend: (Time is in decaauts)
 A = Elapsed time spent in this place.
 B = Non-inter-level travel time spent in this place.
 C = Inter-level travel time spent in this place.
 D = Time resting spent in this place.
 E = Time spent auto-exploring this place.
 F = Levels seen in this place.
 G = Mean time per level.
                   A        B        C        D        E       F      G
               +--------+--------+--------+--------+--------+-----+--------+
         Total |   3862 |   3634 |    228 |    751 |   2309 |   5 |  772.4 |
       Dungeon |   3862 |   3634 |    228 |    751 |   2309 |   5 |  772.4 |
               +--------+--------+--------+--------+--------+-----+--------+

Top non-repeatable levels by time:
     D:4: 1414 daAuts
     D:1: 964 daAuts
     D:2: 774 daAuts
     D:3: 690 daAuts
     D:5: 18 daAuts
